 Dungeon Crawl Stone Soup version 0.20-a0-270-g8e735b6 (webtiles) character file.

20868 junb69 the Thaumaturge (level 12, -5/97 HPs)
             Began as a Demigod Venom Mage on Dec 10, 2016.
             Shot with an arrow by a centaur (13 damage)
             ... on level 2 of the Orcish Mines.
             The game lasted 01:12:27 (27894 turns).

junb69 the Thaumaturge (Demigod Venom Mage)        Turns: 27894, Time: 01:12:28

Health: -5/97      AC: 10    Str: 11    XL:     12   Next: 19%
Magic:  4/32       EV: 16    Int: 27    God:
Gold:   1034       SH:  4    Dex: 16    Spells: 18/33 levels left

rFire  . . .     SeeInvis .     s - +13 scythe of Curses {drain, *Curse} (curse)
rCold  . . .     Gourm    .     z - +2 robe {rN+} (curse)
rNeg   + + .     Faith    .     (shield currently unavailable)
rPois  .         Spirit   .     (no helmet)
rElec  .         Reflect  .     (no cloak)
rCorr  .         Harm     .     q - +2 pair of gloves (curse)
MR     +....     Clarity  +     C - +2 pair of boots (curse)
Stlth  ++........               (no amulet)
                                d - ring of positive energy (curse)
                                o - ring of flight (curse)

@: no status effects
A: large bone plates 1, clarity, high mp 1
a: Evoke Flight


You were on level 2 of the Orcish Mines.
You were not hungry.

You visited 3 branches of the dungeon, and saw 16 of its levels.

You collected 1034 gold pieces.

Inventory:

Hand Weapons
 j - a cursed +2 dagger of flaming
 s - the cursed +13 scythe of Curses (weapon) {drain, *Curse}
   (You took it off an orc on level 10 of the Dungeon)

   A truly terrible weapon, it drains the life of those it strikes.
   It may re-curse itself when equipped.
   It has a curse placed upon it.
 J - the cursed +3 trident of Joyful Slaughter {venom, rElec MR+}
   (You found it on level 9 of the Dungeon)

   It poisons the flesh of those it strikes.
   It insulates you from electricity.
   It affects your resistance to hostile enchantments.
   It has a curse placed upon it.
Armour
 q - a cursed +2 pair of gloves (worn)
 z - a cursed +2 robe of positive energy (worn)
 C - a cursed +2 pair of boots (worn)
Magical Staves
 H - a cursed staff of wizardry
Jewellery
 d - a cursed ring of positive energy (right hand)
 o - a cursed ring of flight (left hand)
Wands
 y - a wand of digging (10/24)
 F - a wand of acid (5/15)
 G - a wand of heal wounds (3/9)
 P - a wand of disintegration (14/24)
Scrolls
 e - a scroll of enchant weapon
 f - 4 scrolls of recharging
 g - 4 scrolls of remove curse
 u - 3 scrolls of immolation
 v - 2 scrolls of fog
 x - 2 scrolls of fear
 M - 3 scrolls of teleportation
Potions
 a - a potion of haste
 h - a potion of mutation {unknown}
 m - 2 potions of agility
 n - 4 potions of curing
 r - 2 potions of lignification {unknown}
 B - a potion of resistance
 D - 2 potions of flight
 E - a potion of ambrosia
 I - a potion of invisibility {unknown}
Books
 l - a book of Party Tricks

   Spells                             Type                      Level
   a - Summon Butterflies             Summoning                    1
   b - Apportation                    Translocation                1
   c - Lesser Beckoning               Translocation                3
   d - Tukima's Dance                 Hexes                        3
   e - Alistair's Intoxication        Transmutation/Poison         5
   f - Invisibility                   Hexes                        6
Comestibles
 b - 7 chunks of flesh
 c - 2 bread rations
 k - 11 royal jellies
 t - 5 meat rations


   Skills:
 * Level 6.4 Fighting
 * Level 4.6 Polearms
 * Level 5.6 Dodging
 - Level 1.7 Stealth
 - Level 11.4 Spellcasting
 - Level 9.7 Conjurations
 - Level 6.7 Poison Magic


You had 18 spell levels left.
You knew the following spells:

 Your Spells              Type           Power        Failure   Level  Hunger
a - Sting                 Conj/Pois      ####         1%          1    None
b - Mephitic Cloud        Conj/Pois/Air  #####...     1%          3    None
c - Venom Bolt            Conj/Pois      ######....   3%          5    ###....
d - Dazzling Spray        Conj/Hex       #####.       1%          3    None
e - Confuse               Hex            ###.....     14%         3    None


Dungeon Overview and Level Annotations

Branches:
Dungeon (10/15)            Temple (0/1) D:7            Lair (4/6) D:10
 Shoals (0/4) Lair:2       Spider (0/4) Lair:3          Orc (2/2) D:10
    Elf (0/3) Orc:2

Annotations:
D:6 1 exclusion


Innate Abilities, Weirdness & Mutations

You have an increased reservoir of magic. (+10% MP)
You are partially covered in large bone plates. (SH +4)
You possess an exceptional clarity of mind.


Message History

Items here: (( )) 2 arrows; an uncursed mace; an uncursed arbalest; 11 bolts The centaur shoots an arrow.
The arrow closely misses you.
You see here an arrow.
The centaur shoots an arrow.
The arrow barely misses you.
You feel a bit more experienced.
You see here an arrow.
The centaur shoots an arrow.
The arrow hits you!
* * * LOW HITPOINT WARNING * * *
You see here an arrow.
The centaur shoots an arrow.
The arrow hits you but does no damage.
The centaur shoots an arrow.
The arrow hits you but does no damage.
You see here 2 arrows.
The centaur shoots an arrow.
The arrow barely misses you.
The centaur shoots an arrow.
The arrow hits you!
* * * LOW HITPOINT WARNING * * *
You see here 2 arrows.
The centaur shoots an arrow.
The arrow closely misses you.
The centaur shoots an arrow.
The arrow hits you!
You die...

### ##.## #...# ##.## ### #...#
##.### ##...# ## #....#
#..[.##.####...## .. ###.[......#
#....## ... ##((@....#.####.....#
.... ##..(..^...###........
....##...(((.....#.........
..<...#..(.[).[..........).
.........(..(...........)..
....##.........#...(.)(....###)..
.....#.........##(.).......###...
....#.#.........##c..c......###..
..............##.#)...(......#...


You could see 2 centaurs.

Vanquished Creatures
  An orc warlord (D:10)
  3 orc knights
  An orc sorcerer (Orc:1)
  An ugly thing (D:10)
  2 merfolk sirens (Lair:2)
  4 spiny frogs
  4 komodo dragons
  3 kobold demonologists (D:9)
  A polar bear (Lair:1)
  2 merfolk (Lair:2)
  3 trolls
  5 hippogriffs
  2 wyverns
  3 yaks (Lair:3)
  Eustachio (D:5)
  A hungry ghost (D:10)
  A basilisk (Lair:3)
  5 wargs
  2 hell hounds (D:10)
  4 water moccasins
  A porcupine (D:10)
  Duvessa (D:4)
  2 black bears (D:7)
  2 sky beasts
  17 orc warriors
  4 ice beasts
  10 ogres
  3 necrophages
  13 wolves (Lair:1)
  7 centaurs
  4 crocodiles
  2 big kobolds (D:9)
  Blork the orc (D:5)
  10 bullfrogs
  A wyvern zombie (D:7)
  Dowan (D:4)
  A scorpion (D:7)
  22 killer bees
  A howler monkey (D:10)
  7 crimson imps
  A quasit (D:8)
  2 centaur zombies
  3 hounds
  A gnoll shaman (D:7)
  12 orc priests
  2 bullfrog skeletons
  14 orc wizards
  7 worker ants
  An iguana (D:10)
  Natasha (thrice) (D:4)
  A hound zombie (D:5)
  12 adders
  4 gnolls
  A howler monkey skeleton (D:7)
  3 shadow imps
  3 oozes
  An adder zombie (D:5)
  2 adder skeletons
  2 worms
  2 dart slugs
  3 leopard geckos
  84 orcs
  A ball python (D:2)
  5 giant cockroaches
  11 hobgoblins
  33 jackals
  3 quokkas
  10 bats
  8 frilled lizards
  A giant cockroach zombie (D:5)
  10 goblins
  A jackal skeleton (D:6)
  12 kobolds
  11 rats
  A butterfly (D:8)
430 creatures vanquished.

Vanquished Creatures (collateral kills)
  A queen bee (Lair:1)
  3 wolves (Lair:1)
  A bullfrog (Lair:1)
  6 killer bees (Lair:1)
  An orc wizard (D:10)
  An orc (D:10)
13 creatures vanquished.

Vanquished Creatures (others)
  2 killer bees (Lair:1)
  2 orcs (D:10)
4 creatures vanquished.

Grand Total: 447 creatures vanquished

Notes
Turn   | Place    | Note
-------+----------+-------------------------------------------
     0 | D:1      | junb69 the Demigod Venom Mage began the quest for the Orb.
     0 | D:1      | Reached XP level 1. HP: 14/14 MP: 5/5
   316 | D:1      | Reached XP level 2. HP: 20/20 MP: 4/7
   473 | D:1      | Reached skill level 2 in Spellcasting
  1089 | D:1      | You fall through a shaft!
  1155 | D:2      | Reached XP level 3. HP: 26/26 MP: 4/8
  1190 | D:2      | Learned a level 3 spell: Mephitic Cloud
  2311 | D:2      | Reached XP level 4. HP: 33/33 MP: 7/10
  2402 | D:2      | Found a glowing silver altar of Zin.
  2403 | D:2      | Noticed an angel
  3065 | D:3      | Found a hazy altar of Hepliaklqana.
  3226 | D:3      | Reached skill level 5 in Poison Magic
  3517 | D:3      | Reached skill level 3 in Spellcasting
  3984 | D:3      | Reached XP level 5. HP: 38/38 MP: 8/12
  4121 | D:3      | Learned a level 5 spell: Venom Bolt
  4253 | D:2      | Reached skill level 1 in Conjurations
  4540 | D:4      | Noticed Natasha
  4546 | D:4      | Killed Natasha
  4745 | D:4      | Noticed Duvessa
  4754 | D:4      | Noticed Dowan
  5026 | D:4      | Noticed Natasha
  5035 | D:4      | Killed Natasha
  5072 | D:3      | Reached XP level 6. HP: 23/45 MP: 5/13
  5547 | D:4      | Killed Dowan
  5954 | D:4      | Noticed Natasha
  6017 | D:4      | Killed Natasha
  6628 | D:4      | Found an ancient bone altar of Kikubaaqudgha.
  6740 | D:4      | Killed Duvessa
  6740 | D:4      | Reached XP level 7. HP: 50/50 MP: 0/14
  6857 | D:5      | Entered Level 5 of the Dungeon
  6941 | D:5      | Noticed Blork the orc
  7168 | D:5      | Noticed Eustachio
  7195 | D:5      | Killed Eustachio
  7601 | D:5      | Learned a level 3 spell: Dazzling Spray
  7930 | D:4      | Reached skill level 5 in Conjurations
  8335 | D:5      | Reached skill level 4 in Spellcasting
  8710 | D:5      | Killed Blork the orc
  9104 | D:6      | Reached XP level 8. HP: 27/57 MP: 12/18
  9601 | D:5      | Reached skill level 5 in Spellcasting
 10983 | D:6      | Reached skill level 6 in Spellcasting
 11739 | D:6      | Found a deep blue altar of Sif Muna.
 12166 | D:6      | Found a burning altar of Makhleb.
 12459 | D:7      | Reached XP level 9. HP: 62/62 MP: 11/22
 13227 | D:7      | Reached skill level 7 in Spellcasting
 14143 | D:7      | Found an iron altar of Okawaru.
 14878 | D:7      | Found a staircase to the Ecumenical Temple.
 15306 | D:7      | Found a glowing golden altar of the Shining One.
 16185 | D:8      | Found a shimmering altar of Xom.
 16575 | D:9      | Learned a level 3 spell: Confuse
 16583 | D:9      | Reached skill level 8 in Spellcasting
 16793 | D:9      | Got an iridescent trident
 16794 | D:9      | Identified the cursed +3 trident of Joyful Slaughter {venom, rElec MR+} (You found it on level 9 of the Dungeon)
 16797 | D:9      | Noticed a kobold demonologist
 16797 | D:9      | Noticed a kobold demonologist
 16797 | D:9      | Noticed a kobold demonologist
 17668 | D:9      | Found a bloodstained altar of Trog.
 17800 | D:9      | Reached XP level 10. HP: 68/68 MP: 20/26
 18316 | D:10     | Entered Level 10 of the Dungeon
 18354 | D:10     | Noticed a brown ugly thing
 18364 | D:10     | Killed a brown ugly thing
 18566 | D:9      | Reached skill level 9 in Spellcasting
 19080 | D:9      | Reached skill level 1 in Fighting
 20509 | D:10     | Found a staircase to the Lair.
 20541 | D:10     | Found a staircase to the Orcish Mines.
 20885 | Lair:1   | Entered Level 1 of the Lair of Beasts
 20899 | D:10     | Reached skill level 1 in Polearms
 21259 | Lair:1   | Reached XP level 11. HP: 52/85 MP: 15/29
 21842 | Lair:1   | Reached skill level 5 in Fighting
 23030 | Lair:2   | Found a staircase to the Shoals.
 23033 | Lair:2   | Reached skill level 10 in Spellcasting
 24023 | Lair:2   | Gained mutation: You possess an exceptional clarity of mind. [potion of beneficial mutation]
 24024 | Lair:2   | Gained mutation: You are partially covered in large bone plates. (SH +4) [potion of beneficial mutation]
 24421 | Lair:3   | Found a hole to the Spider Nest.
 24582 | Lair:3   | Reached skill level 5 in Dodging
 25015 | Lair:4   | Noticed a four-headed hydra
 25341 | Orc:1    | Entered Level 1 of the Orcish Mines
 25349 | Orc:1    | Noticed an orc knight
 25353 | Orc:1    | Killed an orc knight
 25394 | Orc:1    | Noticed an orc knight
 25717 | Orc:1    | Killed an orc knight
 25721 | Orc:1    | Reached skill level 11 in Spellcasting
 25937 | Orc:1    | Noticed an orc warlord
 26200 | D:10     | Killed an orc warlord
 26200 | D:10     | Reached XP level 12. HP: 35/95 MP: 3/32
 27063 | Orc:1    | Found a roughly hewn altar of Beogh.
 27178 | Orc:2    | Entered Level 2 of the Orcish Mines
 27471 | Orc:2    | Found a staircase to the Elven Halls.
 27894 | Orc:2    | Shot with an arrow by a centaur

Vault maps used:
D:1:      dpeg_arrival_shelter, minmay_misc_feat_plants
D:2:      zin_angel, kennysheep_cross_bottleneck
D:3:      nicolae_overflow_crystal_walls, first_bread
D:4:      kennysheep_little_box, uniq_natasha, uniq_duvessa
D:5:      uniq_blork_the_orc, uniq_eustachio
D:6:      makhleb_blood_cavern_becter, lemuel_round_altar
D:7:      okawaru_altar_gauntlet_db, lemuel_crystal_altar
D:8:      xom_butterflies
D:9:      kennysheep_mini
D:10:     minmay_lair_entry_lava, minmay_orc_entry_guard_dogs, serial_glass,
          glass_columns_a, glass_columns_c
Lair:1:   special_room
Lair:2:   elwin_shoals_entry_stream
Lair:3:   dummy_spider_entry, minivault_25
Lair:4:   wad_woods_road_04, grunt_megastairs_2
Orc:1:    basic_altar, minmay_orc_temple_b, uniq_gastronok
Orc:2:    st_orc_rangers

Skill      XL: |  1  2  3  4  5  6  7  8  9 10 11 12 |
---------------+-------------------------------------+-----
Poison Magic   | 4 5 6 |  6.7
Spellcasting   | 2 3 4 6 8 9 11 | 11.4
Conjurations   | 3 4 5 7 8 9 |  9.7
Fighting       | 4 5 6 |  6.4
Polearms       | 1 3 4 |  4.6
Dodging        | 5 |  5.6
Stealth        | |  1.7

Action                   |  1- 3 |  4- 6 |  7- 9 | 10-12 || total
-------------------------+-------+-------+-------+-------++-------
Melee: Club              |    13 |       |       |       ||    13
       Mace              |    17 |    44 |       |       ||    61
       Dagger            |       |       |   154 |       ||   154
       Rapier            |       |       |    53 |       ||    53
       Trident           |       |       |    25 |    68 ||    93
       Scythe            |       |       |       |   145 ||   145
 Cast: Sting             |   101 |   210 |   363 |    83 ||   757
       Mephitic Cloud    |       |     9 |    25 |    34 ||    68
       Dazzling Spray    |       |       |   110 |    47 ||   157
       Venom Bolt        |       |       |    10 |   161 ||   171
       Confuse           |       |       |       |     2 ||     2
Evoke: Wand              |       |       |     1 |       ||     1
  Use: Potion            |       |     3 |     1 |     5 ||     9
       Scroll            |       |       |    17 |    11 ||    28
 Stab: Invisible         |       |       |     3 |     2 ||     5
       Confused          |       |       |       |     2 ||     2
  Eat: Chunk             |     5 |    12 |    23 |    40 ||    80
       Pizza             |       |     1 |       |     1 ||     2
       Fruit             |       |       |     6 |       ||     6
       Beef jerky        |       |       |     2 |     1 ||     3
       Bread ration      |       |       |     2 |     1 ||     3
       Meat ration       |       |       |     1 |     1 ||     2
       Royal jelly       |       |       |       |     2 ||     2
Armor: Robe              |    12 |    28 |   116 |   136 ||   292
Dodge: Dodged            |    68 |   126 |   352 |   266 ||   812
Block: Other             |       |       |       |    17 ||    17
